 Dungeon Crawl Stone Soup version 0.27.1-3-gb3d3a73c9e (webtiles) character file.

Game seed: 3640036698248479899

97937 raph the Phalangite (level 16, 0/124 HPs)
             Began as a Merfolk Gladiator on Oct 8, 2021.
             Was the Champion of Zin.
             Hit by a javelin thrown by a merfolk javelineer (21 damage)
             ... on level 1 of the Shoals.
             The game lasted 01:06:20 (31046 turns).

raph the Phalangite (Merfolk Gladiator)            Turns: 31046, Time: 01:06:21

Health: 0/124      AC: 19    Str: 23    XL:     16   Next: 21%
Magic:  22/23      EV: 27    Int: 12    God:    Zin [******]
Gold:   2011       SH:  0    Dex: 29    Spells: 3/24 levels left

rFire    . . .     SeeInvis .   a - +5 scythe "Finisher" {speed, eviscerate}
rCold    . . .     Faith    +   (shield currently unavailable)
rNeg     + + .     Spirit   .   L - +4 leather armour "Fosirum" {+Blink rN++ Str+2}
rPois    ∞         Reflect  .   K - +1 hat {Stlth+}
rElec    .         Harm     .   l - +1 cloak
rCorr    .         Rampage  .   r - +1 pair of gloves
Will     +....                  H - +2 pair of boots {Fly}
Stlth    +++++++...             p - amulet of faith
HPRegen  0.30/turn              v - +4 ring of protection
MPRegen  0.18/turn              c - +6 ring of dexterity

@: vitalised, flying, studying Translocations, very quick
A: nimble swimmer 2, mertail
a: Renounce Religion, Evoke Blink, Recite, Vitalisation, Imprison, Sanctuary,
Donate Gold


You were on level 1 of the Shoals.
You worshipped Zin.
Zin was exalted by your worship.
You visited 4 branches of the dungeon, and saw 24 of its levels.
You also visited: Bailey.

You collected 3142 gold pieces.
You spent 908 gold pieces at shops.
You donated 223 gold pieces to Zin.

Inventory:

Hand Weapons
 a - the +5 scythe "Finisher" (weapon) {speed, eviscerate}
   (You acquired it on level 4 of the Dungeon)

   Attacks with this weapon are significantly faster.
   It may eviscerate those it strikes, slaying them instantly, with a decreasing
   chance against stronger foes.
 k - a +2 trident of venom
 t - a +0 vorpal bardiche
 J - a +0 bardiche of freezing
Missiles
 d - 7 throwing nets
 e - 7 silver javelins
 f - 39 boomerangs
 m - 71 poisoned darts
 x - 4 javelins (quivered)
 D - 3 silver boomerangs
Armour
 l - a +1 cloak (worn)
 r - a +1 pair of gloves (worn)
 H - a +2 pair of boots of flying (worn)
 K - a +1 hat of stealth (worn)
 L - the +4 leather armour "Fosirum" (worn) {+Blink rN++ Str+2}
   (You bought it in a shop on level 4 of the Dungeon)

   Str:       It affects your strength (+2).
   rN:        It greatly protects you from negative energy.
   +Blink:    It lets you blink.
Jewellery
 c - a +6 ring of dexterity (right hand)
 p - an amulet of faith (around neck)
 v - a +4 ring of protection (left hand)
 F - a ring of poison resistance
 M - a ring of see invisible
 U - a +4 ring of slaying
 Z - a +6 ring of intelligence
Wands
 g - a wand of iceblast (29)
 A - a wand of flame (95)
 X - a wand of mindburst (33)
 Y - a wand of charming (7)
Scrolls
 n - a scroll of summoning
 u - 2 scrolls of fear
 y - a scroll of blinking
 z - 13 scrolls of identify
 B - 8 scrolls of amnesia
 C - 6 scrolls of teleportation
 O - a scroll of magic mapping
 R - a scroll of enchant weapon
 S - 2 scrolls of silence
 V - a scroll of fog
 W - 3 scrolls of holy word
Potions
 b - a potion of might
 h - 2 potions of berserk rage
 i - 12 potions of curing
 j - 4 potions of ambrosia
 o - 5 potions of magic
 s - 7 potions of heal wounds
 w - 7 potions of haste
 E - 3 potions of invisibility
 G - 2 potions of attraction
 I - 2 potions of mutation
 N - 2 potions of brilliance
Miscellaneous
 Q - a phantom mirror
 T - a phial of floods


   Skills:
 - Level 10.7 Fighting
 * Level 24.6 Polearms
 + Level 7.8 Throwing
 - Level 10.0 Dodging
 - Level 8.4 Stealth
 + Level 4.7 Spellcasting
 + Level 4.0 Summonings
 + Level 8.8 Translocations
 + Level 9.7 Invocations
 - Level 4.3 Evocations


You had 3 spell levels left.
You knew the following spells:

 Your Spells              Type           Power      Damage    Failure   Level
a - Blink                 Tloc           N/A        N/A       1%          2
b - Lesser Beckoning      Tloc           11%        N/A       1%          3
c - Manifold Assault      Tloc           23%        N/A       19%         5
d - Portal Projectile     Hex/Tloc       26%        N/A       12%         3
e - Summon Forest         Summ/Tloc      9%         N/A       43%         5
f - Call Canine Familiar  Summ           12%        N/A       14%         3

Your spell library contained the following spells:

 Spells                   Type           Power      Damage    Failure   Level
 Summon Small Mammal      Summ           48%        N/A       4%          1
 Sandblast                Erth           4%         2d4       24%         1
 Summon Guardian Golem    Hex/Summ       7%         N/A       30%         3
 Passwall                 Tmut/Erth      1%         N/A       34%         2
 Tukima's Dance           Hex            2%         N/A       56%         3
 Passage of Golubria      Tloc           N/A        N/A       6%          4
 Leda's Liquefaction      Hex/Erth       1%         N/A       93%         4
 Olgreb's Toxic Radiance  Pois           2%         N/A       93%         4
 Summon Mana Viper        Hex/Summ       7%         N/A       96%         5
 Freezing Cloud           Conj/Ice/Air   1%         6-21      100%        5
 Lee's Rapid Deconstruct  Erth           1%         3d5*      100%        5
 Yara's Violent Unravell  Hex/Tmut       1%         3d3       100%        5
 Shadow Creatures         Summ           N/A        N/A       100%        6
 Simulacrum               Ice/Necr       1%         N/A       100%        6
 Ozocubu's Refrigeration  Ice            1%         4d5       100%        7
 Ignition                 Fire           1%         3d3       100%        8
 Polar Vortex             Ice            1%         N/A       100%        9


Dungeon Overview and Level Annotations

Branches:
Dungeon (15/15)            Temple (0/1) D:5            Lair (6/6) D:11
 Shoals (1/4) Lair:2        Snake (0/4) Lair:2        Slime (0/5) Lair:6
    Orc (2/2) D:10            Elf (0/3) Orc:2        Vaults (0/5) D:13
 Depths (0/5) D:15         Bailey (visited)

Altars:
Trog
Uskayaw
Xom
Zin
The Shining One
Beogh

Shops:
D:4 *   D:5 !   D:10 [   Orc:1 (   Orc:2 (*!

Annotations:
D:10 2 transporters, Borgoz's ghost, journeyman GrBe
D:13 2 transporters, hurston's ghost, journeyman GrFi
Lair:5 1 runed translucent door, exclusion: oklob plant, Fyipo's ghost, journeyman GrEE
Lair:6 exclusion: oklob plant
Shoals:1 Nikola
Orc:2 3 runed translucent doors, zurenarrh's ghost, journeyman GrGl


Innate Abilities, Weirdness & Mutations

You are quick and stealthy near water. (Stealth+, EV+, Speed+++)
Your lower body shifts to a powerful aquatic tail in water.


Message History

Aim: a merfolk javelineer, wielding a +2 spear of freezing, wearing a +0 leather armour and quivering javelins (water, lightly wounded, about 33% to evade the +5 scythe "Finisher")
You reach to attack!
You closely miss the merfolk javelineer.
The merfolk javelineer is lightly wounded.
You are ready to recite again.
Reach: a) +5 scythe "Finisher" {speed, eviscerate}
Press: ? - help, Dir - move target, f/p - merfolk javelineer
Aim: a merfolk javelineer, wielding a +2 spear of freezing, wearing a +0 leather armour and quivering javelins (water, lightly wounded, about 33% to evade the +5 scythe "Finisher")
You reach to attack!
You closely miss the merfolk javelineer.
The merfolk javelineer is lightly wounded.
The merfolk javelineer throws a javelin.
The javelin pierces through you!
* * * LOW HITPOINT WARNING * * *
Zin grants you divine stamina.
Nikola points at you and mumbles some strange words.
The bolt of lightning misses you.
The merfolk javelineer throws a javelin.
The javelin completely misses you.
The merfolk javelineer throws a javelin.
The javelin barely misses you.
The merfolk javelineer throws a javelin.
The javelin completely misses you.
The merfolk javelineer throws a javelin.
The javelin pierces through you!
* * * LOW HITPOINT WARNING * * *
Aiming: Iceblast
Press: ? - help, Shift-Dir - straight line, f - you, p - merfolk javelineer
Okay, then.
You feel much better.
The merfolk javelineer throws a javelin.
The javelin pierces through you.
* * * LOW HITPOINT WARNING * * *
Cast which spell? (? or * to list)
Okay, then.
As you read the scroll of summoning, it crumbles to dust.
Wisps of shadow whirl around you...
The merfolk javelineer throws a javelin.
The javelin pierces through you!!
You die...

###############
≈≈≈≈≈≈≈≈≈≈≈≈≈≈≈≈
≈≈≈≈≈≈≈≈≈≈≈≈≈≈≈≈
≈≈≈≈≈≈≈≈≈≈≈≈≈≈≈≈
≈≈≈≈≈≈≈≈≈≈≈≈≈≈≈≈
≈≈≈≈≈≈≈≈≈≈≈≈≈≈≈≈
≈≈≈≈≈≈≈≈mm≈≈≈≈≈≈≈
≈≈≈≈≈≈H@H≈≈≈≈≈≈≈≈≈≈≈≈≈..
≈≈≈≈≈≈≈≈≈H≈≈≈≈≈≈≈≈≈≈....
≈≈≈≈≈≈≈≈≈≈≈≈≈≈≈≈≈≈≈≈..##
≈≈≈≈≈≈≈≈≈≈≈≈≈≈≈≈≈≈≈...^.
≈≈≈≈≈≈≈≈≈≈≈≈≈≈≈≈........
≈≈≈≈≈≈≈≈≈≈≈≈≈≈≈.........
≈≈≈≈≈≈≈m≈≈≈≈≈≈..........
≈≈≈≈≈≈≈≈≈≈≈≈≈≈.....)....
≈≈≈≈≈≈≈≈(≈≈≈≈≈.....[.....


You could see a merfolk javelineer (ally target), 2 friendly merfolk and 3
friendly harpies.

Vanquished Creatures
  Frances (D:12)
  Gastronok (D:9)
  2 orc warlords (Orc:1)
  A dire elephant (Lair:6)
  Snorg (D:13)
  A fire dragon (D:15)
  A great orb of eyes (D:15)
  A rakshasa (D:15)
  Harold (D:7)
  A boulder beetle (Lair:5)
  5 hydras
  2 merfolk avatars
  4 centaur warriors
  4 vault guards (D:13)
  5 two-headed ogres
  A merfolk aquamancer (Shoals:1)
  A tengu warrior (D:14)
  7 orc high priests
  Urug (Lair:2)
  Nergalle (Lair:2)
  A fire crab (shapeshifter) (D:14)
  3 skeletal warriors (D:15)
  A sea snake (Lair:5)
  A harpy (Lair:6)
  8 orc knights
  16 ugly things
  A cyclops (D:13)
  2 orc sorcerers
  2 cyclopes (shapeshifter)
  3 manticores
  A merfolk siren (Shoals:1)
  3 black mambas
  5 elephants
  A water nymph (Shoals:1)
  12 cane toads
  8 gargoyles
  3 unseen horrors
  Psyche (D:9)
  6 rime drakes
  2 efreet
  11 komodo dragons
  3 kobold demonologists
  A tengu conjurer (D:13)
  3 meliai
  6 polar bears
  6 merfolk
  A queen bee (Lair:5)
  7 trolls
  3 wind drakes
  18 blink frogs
  A snapping turtle (Lair:6)
  Prince Ribbit (D:9)
  14 slime creatures
  2 hornets (Lair:6)
  12 dream sheep
  A tarantella (shapeshifter) (D:15)
  A shadow (D:8)
  2 water elementals (Shoals:1)
  2 wraiths
  Eustachio (D:4)
  4 wyverns
  25 yaks
  6 basilisks
  A human (D:13)
  2 steam dragons
  10 vampire mosquitoes
  2 nagas (Lair:2)
  10 wargs
  13 water moccasins
  3 acid dragons
  37 orc warriors
  A black bear (D:5)
  2 ice beasts
  6 ogres
  5 wolves (Lair:1)
  2 centaurs
  3 phantoms (D:5)
  3 kobold brigands
  Blork the orc (D:4)
  8 bullfrogs
  A gnoll sergeant (D:6)
  2 scorpions
  2 wyvern zombies
  A water moccasin zombie (D:5)
  A water moccasin skeleton (D:5)
  26 killer bees
  4 electric eels
  5 howler monkeys
  6 centaur zombies
  17 jellies
  A hound (D:7)
  4 gnoll shamans
  36 orc priests
  2 centaur skeletons (D:5)
  3 iguanas
  Jessica (D:2)
  Natasha (twice) (D:4)
  20 orc wizards
  A killer bee zombie (D:8)
  A hound skeleton (D:5)
  2 howler monkey zombies
  Robin (D:2)
  16 gnolls
  7 adders
  2 shadow imps (D:6)
  4 ufetubi
  2 worms
  4 dart slugs
  119 orcs
  5 ball pythons
  5 endoplasms
  3 giant cockroaches
  17 goblins
  9 hobgoblins
  4 jackals (D:4)
  A quokka (D:4)
  A bat (D:3)
  3 frilled lizards
  A jackal skeleton (D:3)
  16 kobolds
  3 rats (D:1)
723 creatures vanquished.

Vanquished Creatures (others)
  39 fungi
  71 plants
110 creatures vanquished.

Grand Total: 833 creatures vanquished

Notes
Turn   | Place    | Note
-------+----------+-------------------------------------------
     0 | D:1      | raph the Merfolk Gladiator began the quest for the Orb.
     0 | D:1      | Reached XP level 1. HP: 16/16 MP: 1/1
    80 | D:1      | Reached skill level 5 in Polearms
    81 | D:1      | Reached XP level 2. HP: 16/22 MP: 2/2
   451 | D:1      | Reached skill level 6 in Polearms
   451 | D:1      | Reached XP level 3. HP: 27/27 MP: 3/3
   831 | D:2      | Found a faded altar of an unknown god.
  1146 | D:2      | Noticed Robin
  1609 | D:3      | Reached XP level 4. HP: 32/33 MP: 4/4
  1636 | D:3      | Reached skill level 7 in Polearms
  1986 | D:2      | Noticed Jessica
  1995 | D:2      | Killed Jessica
  2289 | D:2      | Killed Robin
  2379 | D:4      | Reached skill level 8 in Polearms
  2394 | D:4      | Noticed Natasha
  2401 | D:4      | Killed Natasha
  2402 | D:4      | Reached XP level 5. HP: 26/38 MP: 5/5
  2558 | D:4      | Found a glowing silver altar of Zin.
  2561 | D:4      | Became a worshipper of Zin the Law-Giver
  2561 | D:4      | Reached * piety under Zin
  2705 | D:4      | Learned a level 2 spell: Blink
  2712 | D:4      | Noticed Blork the orc
  2744 | D:4      | Killed Blork the orc
  2745 | D:4      | Reached skill level 9 in Polearms
  3017 | D:4      | Reached XP level 6. HP: 44/44 MP: 6/6
  3128 | D:4      | Found Roykh's Assorted Antiques.
  3136 | D:4      | Bought a scroll of identify for 64 gold pieces
  3164 | D:4      | Noticed Eustachio
  3168 | D:4      | Noticed Natasha
  3416 | D:4      | Bought a scroll labelled KIB LIPPURO for 32 gold pieces
  3699 | D:4      | Killed Eustachio
  3700 | D:4      | Reached skill level 10 in Polearms
  3807 | D:4      | Identified a scroll of acquirement
  3807 | D:4      | Acquired the +5 scythe "Finisher" {speed, eviscerate}
  3807 | D:4      | Found the +5 scythe "Finisher" {speed, eviscerate}
  3837 | D:4      | Reached XP level 7. HP: 51/51 MP: 7/7
  3956 | D:5      | Entered Level 5 of the Dungeon
  4098 | D:5      | Reached skill level 11 in Polearms
  4193 | D:5      | Reached ** piety under Zin
  4485 | D:5      | Found Hoamn's Distillery.
  4586 | D:5      | Reached skill level 12 in Polearms
  4586 | D:5      | Reached XP level 8. HP: 58/58 MP: 8/8
  4593 | D:5      | Reached skill level 1 in Invocations
  4689 | D:5      | Reached skill level 5 in Dodging
  5306 | D:5      | Reached skill level 13 in Polearms
  5308 | D:5      | Found a staircase to the Ecumenical Temple.
  5775 | D:4      | Killed Natasha
  5917 | D:6      | Reached XP level 9. HP: 66/66 MP: 11/11
  6240 | D:6      | Reached *** piety under Zin
  6968 | D:5      | Bought a potion of heal wounds for 75 gold pieces
  6968 | D:5      | Bought a potion of might for 60 gold pieces
  7010 | D:7      | Reached skill level 5 in Fighting
  7028 | D:7      | Noticed a two-headed ogre
  7040 | D:7      | Killed a two-headed ogre
  7041 | D:7      | Reached skill level 14 in Polearms
  7101 | D:7      | Noticed a gargoyle
  7105 | D:7      | Killed a gargoyle
  7106 | D:7      | Reached skill level 5 in Invocations
  7137 | D:7      | Noticed Harold
  7311 | D:7      | Reached XP level 10. HP: 76/76 MP: 13/13
  7723 | D:7      | Killed Harold
  7724 | D:7      | Reached skill level 15 in Polearms
  8859 | D:8      | Reached **** piety under Zin
  9352 | D:9      | Noticed Psyche
  9356 | D:9      | Killed Psyche
  9421 | D:9      | Reached ***** piety under Zin
  9424 | D:9      | Noticed Prince Ribbit
  9432 | D:9      | Killed Prince Ribbit
  9556 | D:9      | Reached skill level 16 in Polearms
  9568 | D:9      | Reached XP level 11. HP: 82/84 MP: 14/16
  9681 | D:9      | Noticed a two-headed ogre
  9685 | D:9      | Killed a two-headed ogre
  9742 | D:9      | Noticed Gastronok
  9751 | D:9      | Killed Gastronok
  9758 | D:9      | Reached skill level 10 in Dodging
  9964 | D:4      | Bought a heavily runed leather armour for 224 gold pieces
  9964 | D:4      | Identified the +4 leather armour "Fosirum" {+Blink rN++
                  | Str+2} (You bought it in a shop on level 4 of the Dungeon)
 10317 | D:10     | Entered Level 10 of the Dungeon
 10332 | D:10     | Reached skill level 17 in Polearms
 10436 | D:10     | Found Sushraguc's Antique Armour Shop.
 10472 | D:10     | Reached skill level 1 in Evocations
 10498 | D:10     | Noticed a two-headed ogre
 10520 | D:10     | Killed a two-headed ogre
 10792 | D:10     | Found a staircase to the Orcish Mines.
 10957 | D:10     | Noticed Borgoz's ghost (journeyman GrBe)
 11071 | D:10     | Found a transporter.
 11074 | D:10     | Found a transporter.
 11127 | D:11     | Found a bloodstained altar of Trog.
 11644 | D:11     | Reached skill level 18 in Polearms
 11671 | D:11     | Found a staircase to the Lair.
 11769 | D:11     | Reached XP level 12. HP: 91/92 MP: 18/18
 11774 | D:11     | Noticed a two-headed ogre
 11823 | D:11     | Killed a two-headed ogre
 12173 | Lair:1   | Entered Level 1 of the Lair of Beasts
 12532 | D:11     | Reached skill level 1 in Stealth
 12673 | D:11     | Reached skill level 19 in Polearms
 13804 | Lair:2   | Reached ****** piety under Zin
 13815 | Lair:2   | Noticed Urug
 14166 | Lair:2   | Noticed Nergalle
 14179 | Lair:2   | Killed Nergalle
 14300 | Lair:2   | Killed Urug
 14301 | Lair:2   | Reached skill level 5 in Stealth
 14313 | Lair:2   | Found a staircase to the Snake Pit.
 14316 | Lair:2   | Reached skill level 20 in Polearms
 14450 | Lair:2   | You are sucked into a shaft and drop 1 floor!
 14584 | Lair:3   | Noticed a four-headed hydra
 14592 | Lair:3   | Killed a six-headed hydra
 14653 | Lair:3   | Reached XP level 13. HP: 98/98 MP: 19/19
 15359 | Lair:2   | Found a staircase to the Shoals.
 15560 | Lair:3   | Acquired a manual of Translocations
 16103 | Lair:4   | Identified the +6 flail "Zamydd" {spect, Int+3}
 16367 | Lair:4   | Reached skill level 21 in Polearms
 16582 | Lair:4   | Identified the +2 pair of gloves of Elitism {Harm rN++
                  | Int+4}
 17335 | Lair:5   | Found a runed translucent door.
 18045 | Lair:5   | Identified the +0 robe "Kaidos" {*Slow rN++ SInv Archmagi}
 18230 | Lair:5   | Found a shimmering altar of Xom.
 18230 | Lair:5   | Noticed Fyipo's ghost (journeyman GrEE)
 18424 | Lair:6   | Entered Level 6 of the Lair of Beasts
 18692 | Lair:6   | Reached skill level 1 in Translocations
 18722 | Lair:6   | Reached skill level 1 in Spellcasting
 18731 | Lair:6   | Reached skill level 22 in Polearms
 19159 | Lair:6   | Found the +2 robe of Vines {NoPotionHeal Regen+++}
 19659 | D:12     | Reached XP level 14. HP: 106/106 MP: 20/20
 19988 | D:12     | Noticed Frances
 20003 | D:12     | Killed Frances
 20966 | Orc:1    | Entered Level 1 of the Orcish Mines
 20966 | Orc:1    | Found Athrutire's Weapon Shop.
 21280 | Orc:1    | Found a flagged portal.
 21289 | Bailey   | Entered a bailey
 21830 | Orc:1    | HP: 4/108 [orc high priest/divine providence (14)]
 22379 | Orc:1    | Learned a level 3 spell: Lesser Beckoning
 22481 | Orc:1    | Noticed an orc warlord
 22489 | Orc:1    | Killed an orc warlord
 22494 | Orc:1    | Noticed an orc warlord
 22508 | Orc:1    | Reached skill level 5 in Translocations
 22510 | Orc:1    | Killed an orc warlord
 22511 | Orc:1    | Reached skill level 5 in Throwing
 22814 | Orc:1    | Reached skill level 23 in Polearms
 22993 | Orc:2    | Entered Level 2 of the Orcish Mines
 23633 | Orc:2    | Noticed zurenarrh's ghost (journeyman GrGl)
 23661 | Orc:2    | Identified the +8 chain mail of Elyvilon's Generosity {rC+
                  | Slay+3 Stlth+}
 23712 | Orc:2    | Found a runed translucent gate.
 23716 | Orc:2    | Found a runed translucent gate.
 23716 | Orc:2    | Found a runed translucent gate.
 23798 | Orc:2    | Found a staircase to the Elven Halls.
 24111 | Orc:2    | Found Koufaosi's Distillery.
 24111 | Orc:2    | Found Riyrhy's Assorted Antiques.
 24117 | Orc:2    | Bought a potion of heal wounds for 60 gold pieces
 24117 | Orc:2    | Bought a potion of heal wounds for 60 gold pieces
 24117 | Orc:2    | Bought a potion of heal wounds for 60 gold pieces
 24117 | Orc:2    | Bought a potion of haste for 120 gold pieces
 24129 | Orc:2    | Bought a potion of heal wounds for 130 gold pieces
 24129 | Orc:2    | Bought a grey potion for 23 gold pieces
 24360 | Orc:2    | Found Soedenki's Antique Armour Shop.
 24370 | Orc:2    | Found Usoocw's Antique Weapon Emporium.
 25141 | Lair:6   | Reached XP level 15. HP: 115/115 MP: 21/21
 25158 | Lair:6   | Found a staircase to the Slime Pits.
 25269 | Lair:6   | Reached skill level 10 in Fighting
 25545 | Lair:6   | HP: 2/115 [wind drake/the air (14)]
 25546 | Lair:6   | Zin protects you from harm!
 26351 | Lair:6   | Learned a level 5 spell: Manifold Assault
 26616 | Lair:6   | Found the +7 captain's cutlass {speed, disarm}
 26667 | Lair:6   | Acquired a book of the Hunter
 26673 | Lair:6   | Learned a level 3 spell: Portal Projectile
 26679 | Lair:6   | Learned a level 5 spell: Summon Forest
 27334 | D:13     | Noticed Snorg
 27339 | D:13     | Killed Snorg
 27569 | D:13     | Reached skill level 1 in Summonings
 27704 | D:13     | Found a gate to the Vaults.
 28041 | D:13     | Reached skill level 24 in Polearms
 28192 | D:13     | Noticed a shadow dragon
 28192 | D:13     | Found the +4 moon troll leather armour {Spirit, Regen++
                  | MP+5}
 28195 | D:13     | Noticed hurston's ghost (journeyman GrFi)
 28196 | D:13     | Found a transporter.
 28205 | D:13     | Found a transporter.
 28311 | D:13     | Found a glowing golden altar of the Shining One.
 28490 | D:14     | Learned a level 3 spell: Call Canine Familiar
 29114 | D:15     | Entered Level 15 of the Dungeon
 29673 | D:15     | Found a staircase to the Depths.
 29691 | D:15     | Reached XP level 16. HP: 124/124 MP: 23/23
 29829 | D:15     | Found a hide-covered altar of Uskayaw.
 30436 | Shoals:1 | Entered Level 1 of the Shoals
 30620 | Shoals:1 | Noticed Nikola
 31046 | Shoals:1 | Hit by a javelin thrown by a merfolk javelineer

Illustrated notes

Levels and vault maps discovered:
D:1:      psy_arrival_conway, layout_loops_ring, minmay_surrounded
D:2:      layout_basic, ebering_ecumenical_altar_abandoned,
          minmay_misc_feat_tower, uniq_jessica, uniq_robin
D:3:      layout_basic
D:4:      layout_basic, zin_statuary, serial_shops,
          nicolae_shop_overgrown_old_shop, hangedman_abyss_or_decor_stabs,
          st_stairs_11, minmay_puff, uniq_natasha, uniq_eustachio,
          uniq_blork_the_orc
D:5:      minmay_chambers_of_threes, layout_basic, minmay_temple_entry_hall,
          grunt_ministairs_11, nicolae_take_the_stairs
D:6:      layout_basic, serial_glass, glass_columns_a, glass_columns_b,
          st_stairs_14
D:7:      kennysheep_big_flooded_room, layout_loops_ring, patterned_corridor,
          uniq_harold
D:8:      layout_rooms
D:9:      layout_roguey, uniq_gastronok, uniq_prince_ribbit1, uniq_psyche
D:10:     layout_rooms, minmay_orc_entry_temple_small, serial_shops,
          kennysheep_mini_moat, gammafunk_ghost_hive, roderic_serpentine_path,
          corexii_checkpoint_a
D:11:     layout_basic, david_lair_shrubbed, trog_ov_bears_minmay
D:12:     layout_loops_corners, uniq_frances
D:13:     layout_roguey, grunt_vaults_entry_fortified, gammafunk_ghost_arena,
          minmay_misc_feat_nine_boxes, library_closet, tso_altar, uniq_snorg
D:14:     layout_roguey, minmay_misc_feat_hallway
D:15:     gammafunk_enter_depths_forms, layout_rooms, nicolae_uskayaw_en_pointe
Lair:1:   layout_cellular_growth
Lair:2:   layout_hall_layers, elwin_shoals_entry_rooms,
          guppyfry_snake_entry_island, serial_bayou_lagoon_a,
          chequers_serial_rivers_small_a, uniq_nergalle, uniq_urug
Lair:3:   layout_cave_pods
Lair:4:   layout_misc_corridors, chequers_serial_rivers_micro_e,
          serial_bayou_shore_a, lemuel_fruit_fields, serial_bayou_shore_b,
          serial_bayou_shore_b
Lair:5:   layout_roguey [special_room_bee], ebering_ghost_xom,
          lemuel_fruit_fields
Lair:6:   gammafunk_lair_ancient_temple, layout_small_grid,
          minmay_slime_entry_jelly_boxes, hellmonk_guarded_unrand_vines
Shoals:1: cheibrodos_shoals_epimethial_gifts, layout_shoals, st_sunken_huts,
          uniq_nikola
Orc:1:    layout_caves, serial_shops, shop, enter_bailey_3, minmay_orc_treasury
Orc:2:    st_orc_town, layout_caves, biasface_ghost_orc_armoury

Skill      XL: |  1  2  3  4  5  6  7  8  9 10 11 12 13 14 15 16 |
---------------+-------------------------------------------------+-----
Polearms       | 5 6 8 9 10 12 13 14 16 18 20 22 23 24 | 24.6
Fighting       | 3 4 6 7 8 9 10 | 10.7
Invocations    | 3 5 6 8 9 |  9.7
Dodging        | 6 7 9 10 | 10.0
Evocations     | 3 4 |  4.3
Stealth        | 5 8 |  8.4
Translocations | 2 6 8 |  8.8
Spellcasting   | 2 4 |  4.7
Throwing       | 3 5 7 |  7.8
Summonings     | 3 4 |  4.0

Action                   |  1- 3 |  4- 6 |  7- 9 | 10-12 | 13-15 | 16-18 || total
-------------------------+-------+-------+-------+-------+-------+-------++-------
Melee: Trident           |   100 |    90 |       |       |       |       ||   190
       Scythe            |       |     8 |   174 |   453 |  1106 |    87 ||  1828
Throw: Boomerang         |     5 |     3 |    27 |       |     8 |       ||    43
       Javelin           |       |     3 |     1 |    59 |    89 |    20 ||   172
       Dart              |       |    11 |       |       |       |       ||    11
       Throwing net      |       |     2 |       |       |     3 |       ||     5
Invok: Recite            |       |     1 |     2 |     9 |    25 |     3 ||    40
       Vitalisation      |       |       |       |     7 |    10 |     2 ||    19
       Sanctuary         |       |       |       |       |     3 |       ||     3
 Abil: Evoke Blink       |       |       |       |     1 |     6 |       ||     7
  Use: Scroll            |     2 |    10 |     8 |    11 |     9 |     3 ||    43
       Potion            |       |       |     1 |     1 |     6 |     1 ||     9
 Stab: Sleeping          |     3 |     3 |     1 |     3 |    35 |     1 ||    46
       Distracted        |       |       |     1 |     2 |     6 |     1 ||    10
       Confused          |       |       |       |     4 |    15 |     2 ||    21
       Paralysed         |       |       |       |       |    14 |       ||    14
       Invisible         |       |       |       |       |     1 |       ||     1
       Held in net/web   |       |       |       |       |     1 |       ||     1
Armor: Leather armour    |    15 |    42 |    39 |    86 |   210 |     8 ||   400
Dodge: Dodged            |    51 |    82 |   108 |   369 |   674 |    34 ||  1318
